SAA
TACOMA FUR TRADERS @ CASPER GHOSTS
05/27/2042
 
TOP OF THE 1ST
Tacoma Fur Traders batting - Pitching for Casper Ghosts : RHP Mark Smith
Pitching: RHP Mark Smith
Batting: LHB Jaako Haavisto 0-0: Called Strike
0-1: Ball
1-1: Ball
2-1: SINGLE (Groundball, 6MD, EV 102.5 MPH) (infield hit)
Batting: SHB Nathan Polkinghorne 0-0: Called Strike
0-1: Ball
1-1: Called Strike
1-2: Ball
2-2: SINGLE (Flyball, 9S, EV 87.5 MPH)
Jaako Haavisto to second
Runner from 2nd tries for 3rd, SAFE, throw by RF made to third
Batting: LHB Sam Bickerton 0-0: Swinging Strike
0-1: Ball
1-1: Ball
2-1: Fielders Choice at 2nd, 1-4 (Groundball, 15, EV 83.8 MPH)
Batting: LHB Cho-yun Yip 0-0: Ball
1-0: Ball
2-0: Fly out, F7 (Flyball, 78M, EV 85.0 MPH)
Runner from 3rd tags up, SCORES, throw by LF
Batting: RHB Félix Olvera 0-0: Swinging Strike
0-1: Swinging Strike
0-2: Ball
1-2: Strikes out looking
Top of the 1st over - 1 run, 2 hits, 0 errors, 1 left on base; Tacoma 1 - Casper 0
BOTTOM OF THE 1ST
Casper Ghosts batting - Pitching for Tacoma Fur Traders : RHP Luis Medina
Pitching: RHP Luis Medina
Batting: RHB Joe Havermeyer 0-0: Called Strike
0-1: Foul Ball, location: 2F
0-2: Ball
1-2: Foul Ball, location: 2F
1-2: Strikes out looking
Batting: RHB Thom Scribbner 0-0: Ball
1-0: Fly out, F4 (Popup, 4, EV 64.4 MPH)
Batting: RHB Izaak Gerkis 0-0: SINGLE (Groundball, 56D, EV 101.9 MPH)
Batting: LHB General Booty 0-0: Ball
1-0: Fly out, F5 (Popup, 5F, EV 72.5 MPH)
Bottom of the 1st over - 0 runs, 1 hit, 0 errors, 1 left on base; Tacoma 1 - Casper 0
TOP OF THE 2ND
Tacoma Fur Traders batting - Pitching for Casper Ghosts : RHP Mark Smith
Batting: RHB Jeroen Penning 0-0: Ball
1-0: Ball
2-0: Ball
3-0: Called Strike
3-1: Foul Ball, location: 2F
3-2: Fly out, F9 (Flyball, 9LMF, EV 95.0 MPH)
Batting: RHB Ramón García 0-0: Called Strike
0-1: Ground out 4-3 (Groundball, 4, EV 99.4 MPH)
Batting: RHB Eduardo Sainz 0-0: Ball
1-0: Ground out 1-3 (Groundball, 34S, EV 87.5 MPH)
Top of the 2nd over - 0 runs, 0 hits, 0 errors, 0 left on base; Tacoma 1 - Casper 0
BOTTOM OF THE 2ND
Casper Ghosts batting - Pitching for Tacoma Fur Traders : RHP Luis Medina
Batting: RHB Ramiro Castillo 0-0: Ball
1-0: Foul Ball, location: 2F
1-1: Fly out, F6 (Popup, 4M, EV 56.2 MPH)
Batting: RHB Bill Wells 0-0: Swinging Strike
0-1: Foul Ball, location: 2F
0-2: Strikes out looking
Batting: RHB Thinley Tshering 0-0: Ball
1-0: Swinging Strike
1-1: TRIPLE (Flyball, 78XD, EV 96.9 MPH)
Batting: RHB Bogdan Lissenberg 0-0: Called Strike
0-1: Ball
1-1: Ground out 6-3 (Groundball, 6, EV 91.9 MPH)
Bottom of the 2nd over - 0 runs, 1 hit, 0 errors, 1 left on base; Tacoma 1 - Casper 0
TOP OF THE 3RD
Tacoma Fur Traders batting - Pitching for Casper Ghosts : RHP Mark Smith
Batting: RHB Mack Bray 0-0: Called Strike
0-1: Ball
1-1: Swinging Strike
1-2: Foul Ball, location: 2F
1-2: Ball
2-2: Foul Ball, location: 2F
2-2: Foul Ball, location: 2F
2-2: Ball
3-2: Foul Ball, location: 2F
3-2: Foul Ball, location: 2F
3-2: Base on Balls
Batting: LHB Jaako Haavisto 0-0: Ball
1-0: Ball
2-0: Called Strike
2-1: Foul Ball, location: 2F
2-2: SINGLE (Groundball, 56S, EV 69.4 MPH) (infield hit)
Mack Bray to second
Batting: SHB Nathan Polkinghorne 0-0: Fielders Choice at 2nd, 3-6 (Groundball, 3, EV 85.6 MPH)
Mack Bray to third
Batting: LHB Sam Bickerton 0-0: Ball
1-0: Called Strike
1-1: Ball
2-1: Called Strike
2-2: Ball
3-2: Fielders Choice at 2nd, 6-4 (Groundball, 6S, EV 90.0 MPH)
Mack Bray scores
Batting: LHB Cho-yun Yip 0-0: Ball
1-0: Foul Ball, location: 2F
1-1: Ball
2-1: Ball
3-1: Swinging Strike
3-2: Strikes out swinging
Top of the 3rd over - 1 run, 1 hit, 0 errors, 1 left on base; Tacoma 2 - Casper 0
BOTTOM OF THE 3RD
Casper Ghosts batting - Pitching for Tacoma Fur Traders : RHP Luis Medina
Batting: RHB Teok-kyu Pak 0-0: Ball
1-0: Foul Ball, location: 2F
1-1: Ground out 5-3 (Groundball, 56S, EV 71.9 MPH)
Batting: RHB Joe Havermeyer 0-0: Foul Ball, location: 2F
0-1: Foul Ball, location: 2F
0-2: Ball
1-2: Ball
2-2: Ball
3-2: Strikes out swinging
Batting: RHB Thom Scribbner 0-0: Swinging Strike
0-1: Called Strike
0-2: Ball
1-2: Ball
2-2: Ball
3-2: Strikes out looking
Bottom of the 3rd over - 0 runs, 0 hits, 0 errors, 0 left on base; Tacoma 2 - Casper 0
TOP OF THE 4TH
Tacoma Fur Traders batting - Pitching for Casper Ghosts : RHP Mark Smith
Batting: RHB Félix Olvera 0-0: Ground out 5-3 (Groundball, 5S, EV 86.9 MPH)
Batting: RHB Jeroen Penning 0-0: Ball
1-0: Ground out 4-3 (Groundball, 4MS, EV 70.6 MPH)
Batting: RHB Ramón García 0-0: Ball
1-0: Called Strike
1-1: Ball
2-1: Foul Ball, location: 2F
2-2: Ball
3-2: Foul Ball, location: 2F
3-2: Strikes out swinging, 2-3 out at first.
Top of the 4th over - 0 runs, 0 hits, 0 errors, 0 left on base; Tacoma 2 - Casper 0
BOTTOM OF THE 4TH
Casper Ghosts batting - Pitching for Tacoma Fur Traders : RHP Luis Medina
Batting: RHB Izaak Gerkis 0-0: Fly out, F9 (Flyball, 9LSF, EV 88.8 MPH)
Batting: LHB General Booty 0-0: Called Strike
0-1: Swinging Strike
0-2: Foul Ball, location: 2F
0-2: Ball
1-2: Ball
2-2: Fly out, F7 (Flyball, 7, EV 95.0 MPH)
Batting: RHB Ramiro Castillo 0-0: Called Strike
0-1: SINGLE (Line Drive, 8LS, EV 87.5 MPH)
Batting: RHB Bill Wells 0-0: Swinging Strike
0-1: Called Strike
0-2: Ball
1-2: 2-RUN HOME RUN (Line Drive, 78XD, EV 102.5 MPH), Distance : 419 ft
Batting: RHB Thinley Tshering 0-0: Foul Ball, location: 2F
0-1: Swinging Strike
0-2: Ground out 6-3 (Groundball, 56, EV 108.1 MPH)
Bottom of the 4th over - 2 runs, 2 hits, 0 errors, 0 left on base; Tacoma 2 - Casper 2
TOP OF THE 5TH
Tacoma Fur Traders batting - Pitching for Casper Ghosts : RHP Mark Smith
Batting: RHB Eduardo Sainz 0-0: Ground out 4-3 (Groundball, 4, EV 91.2 MPH)
Batting: RHB Mack Bray 0-0: Called Strike
0-1: Ball
1-1: Swinging Strike
1-2: Ball
2-2: Strikes out swinging
Batting: LHB Jaako Haavisto 0-0: Ball
1-0: Fly out, F9 (Flyball, 9S, EV 93.1 MPH)
Top of the 5th over - 0 runs, 0 hits, 0 errors, 0 left on base; Tacoma 2 - Casper 2
BOTTOM OF THE 5TH
Casper Ghosts batting - Pitching for Tacoma Fur Traders : RHP Luis Medina
Batting: RHB Bogdan Lissenberg 0-0: Ground out 6-3 (Groundball, 6M, EV 104.4 MPH)
Batting: RHB Teok-kyu Pak 0-0: Ground out 5-3 (Groundball, 56, EV 85.0 MPH)
Batting: RHB Joe Havermeyer 0-0: Ball
1-0: Ball
2-0: Swinging Strike
2-1: Fly out, F8 (Flyball, 8RM, EV 93.8 MPH)
Bottom of the 5th over - 0 runs, 0 hits, 0 errors, 0 left on base; Tacoma 2 - Casper 2
TOP OF THE 6TH
Tacoma Fur Traders batting - Pitching for Casper Ghosts : RHP Mark Smith
Batting: SHB Nathan Polkinghorne 0-0: Ball
1-0: Ground out 1-3 (Groundball, P, EV 82.5 MPH)
Batting: LHB Sam Bickerton 0-0: Called Strike
0-1: Ball
1-1: Foul Ball, location: 2F
1-2: DOUBLE (Line Drive, 78D, EV 109.4 MPH)
Batting: LHB Cho-yun Yip 0-0: Ball
1-0: Ball
2-0: SINGLE (Line Drive, 8LS, EV 104.4 MPH)
Sam Bickerton to third
Batting: RHB Félix Olvera 0-0: Called Strike
0-1: Ball
1-1: Called Strike
1-2: Strikes out swinging
Batting: RHB Jeroen Penning 0-0: Ball
1-0: Fly out, F7 (Flyball, 7LSF, EV 89.4 MPH)
Top of the 6th over - 0 runs, 2 hits, 0 errors, 2 left on base; Tacoma 2 - Casper 2
BOTTOM OF THE 6TH
Casper Ghosts batting - Pitching for Tacoma Fur Traders : RHP Luis Medina
Batting: RHB Thom Scribbner 0-0: Foul Ball, location: 2F
0-1: Ball
1-1: SOLO HOME RUN (Flyball, 9D, EV 107.5 MPH), Distance : 373 ft
Batting: RHB Izaak Gerkis 0-0: Ground out 5-3 (Groundball, 56, EV 106.2 MPH)
Batting: LHB General Booty 0-0: Ball
1-0: SINGLE (Flyball, 78M, EV 85.6 MPH)
Batting: RHB Ramiro Castillo 0-0: Ball
1-0: Called Strike
1-1: Ball
2-1: Ball
3-1: Base on Balls
General Booty to second
Batting: RHB Bill Wells 0-0: Called Strike
0-1: Fly out, F8 (Flyball, 89S, EV 93.1 MPH)
Batting: RHB Thinley Tshering 0-0: Ball
1-0: Foul Ball, location: 2F
1-1: Swinging Strike
1-2: Strikes out swinging
Bottom of the 6th over - 1 run, 2 hits, 0 errors, 2 left on base; Tacoma 2 - Casper 3
TOP OF THE 7TH
Tacoma Fur Traders batting - Pitching for Casper Ghosts : RHP Mark Smith
Batting: RHB Ramón García 0-0: Fly out, F9 (Flyball, 9S, EV 86.2 MPH)
Batting: RHB Eduardo Sainz 0-0: Ball
1-0: Called Strike
1-1: Ground out 6-3 (Groundball, 6, EV 103.1 MPH)
Batting: RHB Mack Bray 0-0: Called Strike
0-1: DOUBLE (Line Drive, 78XD, EV 101.9 MPH)
Batting: LHB Jaako Haavisto 0-0: Called Strike
0-1: Swinging Strike
0-2: Ground out U3 (Groundball, 3, EV 90.6 MPH)
Top of the 7th over - 0 runs, 1 hit, 0 errors, 1 left on base; Tacoma 2 - Casper 3
BOTTOM OF THE 7TH
Casper Ghosts batting - Pitching for Tacoma Fur Traders : RHP Luis Medina
Batting: RHB Bogdan Lissenberg 0-0: Called Strike
0-1: Foul Ball, location: 2F
0-2: Ground out 5-3 (Groundball, 5, EV 86.9 MPH)
Batting: RHB Teok-kyu Pak 0-0: Foul Ball, location: 2F
0-1: DOUBLE (Line Drive, 9LM, EV 108.8 MPH)
Batting: RHB Joe Havermeyer 0-0: Called Strike
0-1: Ground out 6-3 (Groundball, 6, EV 82.5 MPH)
Teok-kyu Pak to third
Batting: RHB Thom Scribbner 0-0: Ball
1-0: Foul Ball, location: 2F
1-1: Foul Ball, location: 2F
1-2: Ball
2-2: Strikes out looking
Bottom of the 7th over - 0 runs, 1 hit, 0 errors, 1 left on base; Tacoma 2 - Casper 3
TOP OF THE 8TH
Tacoma Fur Traders batting - Pitching for Casper Ghosts : RHP Mark Smith
Batting: SHB Nathan Polkinghorne 0-0: Called Strike
0-1: Ball
1-1: Ball
2-1: Fly out, F6 (Line Drive, 6, EV 70.6 MPH)
Pitching: RHP Ernest Wheeler
Batting: LHB Sam Bickerton 0-0: SINGLE (Line Drive, 3D, EV 103.8 MPH)
Batting: LHB Cho-yun Yip 0-0: Called Strike
0-1: 2-RUN HOME RUN (Flyball, 89XD, EV 91.2 MPH), Distance : 414 ft
Batting: RHB Félix Olvera 0-0: Called Strike
0-1: Foul Ball, location: 2F
0-2: Ball
1-2: Ball
2-2: Ball
3-2: Strikes out looking
Batting: RHB Jeroen Penning 0-0: Ground out 1-3 (Groundball, 13, EV 88.1 MPH)
Top of the 8th over - 2 runs, 2 hits, 0 errors, 0 left on base; Tacoma 4 - Casper 3
BOTTOM OF THE 8TH
Casper Ghosts batting - Pitching for Tacoma Fur Traders : RHP Luis Medina
Batting: RHB Izaak Gerkis 0-0: Called Strike
0-1: SINGLE (Line Drive, 9LD, EV 109.4 MPH)
Batting: LHB General Booty 0-0: Foul Ball, location: 2F
0-1: Fly out, F9 (Flyball, 9S, EV 93.1 MPH)
Batting: RHB Ramiro Castillo 0-0: SINGLE (Groundball, 34D, EV 94.4 MPH)
Izaak Gerkis to second
Runner from 2nd tries for 3rd, SAFE, throw by RF made to third
Pitching: RHP Randy Keith
Batting: RHB Bill Wells 0-0: Called Strike
0-1: Ball
1-1: SINGLE (Line Drive, 9S, EV 109.4 MPH)
Izaak Gerkis scores
Ramiro Castillo to second
Batting: RHB Thinley Tshering 0-0: Ball
1-0: Sac Bunt to P - play at first, batter OUT! 1-4
Ramiro Castillo to third
Bill Wells to second
Batting: RHB Bogdan Lissenberg 0-0: Hit by Pitch
Batting: RHB Teok-kyu Pak 0-0: Called Strike
0-1: Fielders Choice at 2nd, U4 (Groundball, 4M, EV 104.4 MPH)
Bottom of the 8th over - 1 run, 3 hits, 0 errors, 3 left on base; Tacoma 4 - Casper 4
TOP OF THE 9TH
Tacoma Fur Traders batting - Pitching for Casper Ghosts : RHP Ernest Wheeler
Pinch Hitting: LHB Sherman Hoffman 0-0: Fly out, F9 (Flyball, 9S, EV 96.9 MPH)
Pinch Hitting: LHB Ezequiel Viana 0-0: Called Strike
0-1: Ball
1-1: Ground out 6-3 (Groundball, 6, EV 79.4 MPH)
Batting: RHB Mack Bray 0-0: Ball
1-0: Called Strike
1-1: Ball
2-1: Foul Ball, location: 2F
2-2: Fly out, F8 (Flyball, 8LS, EV 94.4 MPH)
Top of the 9th over - 0 runs, 0 hits, 0 errors, 0 left on base; Tacoma 4 - Casper 4
BOTTOM OF THE 9TH
Casper Ghosts batting - Pitching for Tacoma Fur Traders : RHP Randy Keith
Pitching: RHP Ricky Mina
Now at C: Toshiyuki Gato
Now at 2B: Terry Boyle
Batting: RHB Joe Havermeyer 0-0: Called Strike
0-1: Foul Ball, location: 2F
0-2: Ground out 6-3 (Groundball, 6, EV 106.2 MPH)
Batting: RHB Thom Scribbner 0-0: Ball
1-0: Foul Ball, location: 2F
1-1: Ball
2-1: DOUBLE (Line Drive, 9LS, EV 91.9 MPH)
Batting: RHB Izaak Gerkis 0-0: Ball
1-0: SINGLE (Groundball, 56D, EV 94.4 MPH)
Thom Scribbner to third
Runner from 3rd tries for Home, SAFE, throw by LF to home
Friday, March 26th, 2021 - OOTP Baseball 20.8 Build 74